 Seeded DCSS version 0.27.1-34-g3ba077fa99 (webtiles) character file.

Game seed: 17438665072932102009 (custom seed)

3 Hubjo the Vexing (level 1, 0/13 HPs)
             Began as a Vampire Enchanter on Feb 5, 2022.
             Slain by a hobgoblin (3 damage)
             ... on level 1 of the Dungeon.
             The game lasted 00:00:27 (68 turns).

Hubjo the Vexing (Vampire Enchanter)                  Turns: 68, Time: 00:00:28

Health: 0/13       AC:  2    Str:  7    XL:     1   Next: 41%
Magic:  3/3        EV: 12    Int: 17    God:
Gold:   10         SH:  0    Dex: 14    Spells: 3/4 levels left

rFire    . . .     SeeInvis +   a - +1 dagger
rCold    . . .     Faith    .   (no shield)
rNeg     . . .     Spirit   .   b - +0 robe
rPois    .         Reflect  .   (no helmet)
rElec    .         Harm     .   (no cloak)
rCorr    .         Rampage  .   (no gloves)
Will     .....                  (no boots)
Stlth    +++.......             (no amulet)
HPRegen  0.24/turn              (no ring)
MPRegen  0.08/turn              (no ring)

@: healing quickly
A: alive, fangs 3, see invisible, vampiric 1
a: Exsanguinate


You were on level 1 of the Dungeon.
You visited 1 branch of the dungeon, and saw 1 of its levels.

You collected 10 gold pieces.

Inventory:

Hand Weapons
 a - a +1 dagger (weapon)
Armour
 b - a +0 robe (worn)
Potions
 c - 2 potions of experience {unknown}


   Skills:
 + Level 1.1 Short Blades
 + Level 2.1 Dodging
 * Level 4.5 Stealth
 - Level 2.0 Spellcasting
 + Level 4.7 Hexes


You had 3 spell levels left.
You knew the following spells:

 Your Spells              Type           Power      Damage    Failure   Level
a - Corona                Hex            18%        N/A       2%          1

Your spell library contained the following spells:

 Spells                   Type           Power      Damage    Failure   Level
 Confusing Touch          Hex            17%        N/A       9%          3
 Tukima's Dance           Hex            17%        N/A       9%          3
 Ensorcelled Hibernation  Hex/Ice        18%        N/A       11%         2
 Dazzling Flash           Conj/Hex       18%        N/A       22%         3


Dungeon Overview and Level Annotations

Branches:
Dungeon (1/15)

Altars:


Innate Abilities, Weirdness & Mutations

Your natural rate of healing is accelerated.
You have razor-sharp teeth.
You have supernaturally acute eyesight. (SInv)
You are afflicted with vampirism.


Message History

You closely miss the bat.
The bat is severely wounded.
The bat hits you but does no damage. The bat closely misses you.
The bat completely misses you. The bat hits you.
You hit the bat.
You kill the bat!
The bat hits you but does no damage.
You closely miss the bat.
The bat is heavily wounded.
The bat hits you but does no damage. The bat hits you. x2
You see here a dart slug corpse.
You miss the bat.
The bat is heavily wounded.
The bat hits you. The bat hits you but does no damage.
The hobgoblin misses you. The bat hits you. The hobgoblin closely misses you.
You barely miss the hobgoblin. The bat barely misses you.
The hobgoblin hits you.
* * * LOW HITPOINT WARNING * * *
You hit the hobgoblin.
The hobgoblin is moderately wounded.
The bat hits you but does no damage. The hobgoblin closely misses you.
You closely miss the hobgoblin.
The hobgoblin is lightly wounded.
The bat hits you but does no damage.
The hobgoblin hits you but does no damage.
You barely miss the hobgoblin.
The hobgoblin is lightly wounded.
The bat barely misses you. The hobgoblin barely misses you.
You hit the hobgoblin.
The hobgoblin is moderately wounded.
The bat completely misses you. The bat misses you.
The hobgoblin completely misses you.
You hit the hobgoblin.
The hobgoblin is severely wounded.
The bat hits you.
* * * LOW HITPOINT WARNING * * *
The hobgoblin hits you.
You die...

##############
#............#
#............#
#.........@..##
+........†g...+
##............##
..........b.#........
######'##.#########.
#.##...
#######'#######
#.............#
#.###########.#


You could see a hobgoblin and a bat.

Vanquished Creatures
  A dart slug (D:1)
  A bat (D:1)
2 creatures vanquished.

Notes
Turn   | Place    | Note
-------+----------+-------------------------------------------
     0 | D:1      | Hubjo the Vampire Enchanter began the quest for the Orb.
     0 | D:1      | Reached XP level 1. HP: 13/13 MP: 3/3
    68 | D:1      | Slain by a hobgoblin

Illustrated notes

Levels and vault maps discovered:
D:1:      matt_arrival_los_fun, layout_basic, serial_shops,
          nicolae_shop_overgrown_old_shop

Action                   || total
-------------------------++-------
Melee: Dagger            ||    21
       Bite              ||     1
Armor: Robe              ||    21
Dodge: Dodged            ||    47
